 Dungeon Crawl Stone Soup version 0.29-a0-323-g050149af67 (webtiles) character file.

Game seed: 8804300333968519463

78 spaghetti the Twirler (level 4, -4/32 (35) HPs)
             Began as a Demonspawn Gladiator on Apr 10, 2022.
             Was a Believer of Kikubaaqudgha.
             Killed from afar by Jessica (9 damage)
             ... with a puff of flame
             ... on level 2 of the Dungeon.
             The game lasted 00:03:33 (2432 turns).

spaghetti the Twirler (Demonspawn Gladiator)        Turns: 2432, Time: 00:03:34

HP:   -4/32 (35)    AC:  5    Str: 14    XL:     4   Next: 15%
MP:   4/4           EV: 12    Int: 12    God:    Kikubaaqudgha [**....]
Gold: 84            SH:  0    Dex: 14    Spells: 3/3 levels left

rFire   . . .      SeeInvis .   a - +0 quarterstaff {staff}
rCold   . . .      Faith    .   (shield currently unavailable)
rNeg    . . .      Spirit   .   b - +0 leather armour
rPois   .          Reflect  .   q - +0 helmet
rElec   .          Harm     .   (no cloak)
rCorr   .          Rampage  .   (no gloves)
Will    .....                   (no boots)
Stlth   +.........              (no amulet)
HPRegen 0.10/turn               (no ring)
MPRegen 0.09/turn               (no ring)

@: drained
A: rugged brown scales 1
a: Renounce Religion, Receive Corpses


You were on level 2 of the Dungeon.
You worshipped Kikubaaqudgha.
Kikubaaqudgha was pleased with you.
You visited 1 branch of the dungeon, and saw 2 of its levels.

You collected 84 gold pieces.


Innate Abilities, Weirdness & Mutations

You are partially covered in rugged brown scales. (AC +1, +3% HP)


   Skills:
 - Level 2.7 Fighting
 * Level 4.1 Staves
 - Level 1.7 Throwing
 - Level 2.6 Dodging
 + Level 0.6 Necromancy


You had 3 spell levels left.
You didn't know any spells.
Your spell library contained the following spells:

 Spells                   Type           Power      Damage    Failure   Level
 Animate Skeleton         Necr           2%         N/A       32%         1
 Pain                     Necr           4%         1d4       32%         1
 Shock                    Conj/Air       0%         1d3       38%         1
 Corpse Rot               Necr/Air       0%         N/A       50%         2
 Ignite Poison            Fire/Tmut/Pois 0%         N/A       77%         3
 Mephitic Cloud           Conj/Pois/Air  0%         N/A       77%         3
 Swiftness                Air            0%         N/A       77%         3
 Airstrike                Air            0%         N/A       99%         4
 Agony                    Necr           1%         N/A       100%        5
 Freezing Cloud           Conj/Ice/Air   0%         6-21      100%        5

Inventory:

Hand Weapons
 a - a +0 quarterstaff (weapon) {staff}
 l - a +0 dagger {short}
   (You found it on level 1 of the Dungeon)
 m - a +2 dagger of speed {short}
   (You took it off a goblin on level 2 of the Dungeon)
 n - a +2 hunting sling of freezing {sling}
   (You took it off a goblin on level 2 of the Dungeon)
Missiles
 e - a javelin {throwing}
 h - 63 stones (quivered) {throwing}
Armour
 b - a +0 leather armour (worn)
 c - a +0 helmet
 q - a +0 helmet (worn)
   (You took it off Robin on level 2 of the Dungeon)
Scrolls
 g - a scroll of brand weapon {unknown}
 i - a scroll of identify {unknown}
 j - a scroll of blinking {unknown}
 k - a scroll of immolation {unknown}
 p - a scroll of silence {unknown}
 r - a scroll of vulnerability {unknown}
Potions
 o - 2 potions of mutation {unknown}

Dungeon Overview and Level Annotations

Branches:
Dungeon (2/15)

Altars:
Kikubaaqudgha

Annotations:
D:2 Jessica

#.....# ##.######.## #.....#
#..# #... ....... #.....#
#..## #.## ....... #...))#
#...# #.# ....... #.....#
#.#.# #.## .......
#####.####.#.## #.#. .......
#........#..###.#. .......
#K...........<#.#.
.......#####@......###.#...#.
......)....@.b.....# #...#.#.
.......#####.......# ##..#.#.
####### #....^..# #..#.#.
######### ##.#.#.
############.#.#.
#..............#.
#.##########...#. #.#
#.##...#.


You could see Jessica (fast, ally target), a friendly bat (summoned) and a
friendly kobold (summoned).


Message History

Jessica mumbles some strange words.
Jessica blinks!
Jessica moves out of view.
Unknown command.
Jessica is nearby!
Jessica is nearby!
Jessica gestures wildly while chanting.
Jessica blinks!
No target in view!
No target in view!
No target in view!
No target in view!
No target in view!
No target in view!
No target in view!
A kobold comes into view. It is wielding a +0 club.
A kobold is nearby!
The kobold shouts!
Jessica gestures wildly while chanting.
Jessica blinks!
Jessica gestures at you while chanting. Pain shoots through your body!
You are too injured to fight recklessly!
You are too injured to fight recklessly! 😕 HP[-8]
You take 8 damage, and now have 27/35 hp.
MASSIVE DAMAGE!! (PAUSE)
You are too injured to fight recklessly!
You barely miss the kobold.
Jessica casts a spell.
Jessica seems to speed up.
The kobold hits you with a +0 club. 😮 HP[-1]
You take 1 damage, and now have 26/35 hp.
You sock the kobold!
You kill the kobold!
Kikubaaqudgha accepts your kill.
Jessica very coldly says, "I hate your company." 😕 HP[+1] Jessica mumbles some strange words.
Jessica blinks!
You start resting.
Jessica points at you and mumbles some strange words.
You resist with some effort. Jessica barely misses you. 😕 HP[+1]
You hit Jessica but do no damage. Jessica gestures at you while chanting.
You barely resist.
Jessica hits you with a +1 dagger of draining.
You feel drained. 😕 HP[-3]
You now have 33 max hp (-2).
You take 3 damage, and now have 25/33 hp.
Unknown command.
You aren't carrying any items that you can evoke.
Okay, then.
Throw: 3 throwing nets {=f!fthrowing}
Press: ? - help, Shift-Dir - straight line, f - Jessica
Aim: Jessica, wielding a +1 dagger of draining, wearing a +0 robe and carrying a wand of flame (21) (fast, 59% to hit)
You throw a throwing net {=f!fthrowing}.
The throwing net {=f!fthrowing} hits Jessica.
Jessica is caught in the net!
Jessica zaps a wand.
The puff of flame hits you.
Jessica struggles against the net. 😮 HP[-6]
You take 6 damage, and now have 19/33 hp.
You catch the helpless Jessica completely off-guard!
You sock Jessica!
Jessica drinks a potion.
Jessica is healed!
Jessica struggles against the net.
You hit Jessica.
Jessica struggles against the net.
The net rips apart, and Jessica comes free!
Throw: 2 throwing nets {=f!fthrowing}
Press: ? - help, Shift-Dir - straight line, f/p - Jessica
Aim: Jessica, wielding a +1 dagger of draining, wearing a +0 robe and carrying a wand of flame (20) (lightly wounded, fast, 59% to hit)
You throw a throwing net {=f!fthrowing}.
The throwing net {=f!fthrowing} closely misses Jessica.
Jessica hits you with a +1 dagger of draining.
You feel drained. 😮 HP[-1]
You now have 32 max hp (-1).
Unknown command.
Throw: throwing net {=f!fthrowing}
Press: ? - help, Shift-Dir - straight line, f/p - Jessica
Aim: Jessica, wielding a +1 dagger of draining, wearing a +0 robe and carrying a wand of flame (20) (lightly wounded, fast, 59% to hit)
You throw a throwing net {=f!fthrowing}.
The throwing net {=f!fthrowing} closely misses Jessica.
Jessica gestures at you while chanting. Pain shoots through your body!
* * * LOW HITPOINT WARNING * * *
😱 HP[-13]
You take 13 damage, and now have 5/32 hp.
MASSIVE DAMAGE!! (PAUSE)
Okay, then.
Okay, then.
As you read the scroll labelled FOESUF SAZIGHURR, it crumbles to dust.
Wisps of shadow whirl around you...
It was a scroll of summoning.
Jessica zaps a wand.
The puff of flame hits you!
You die...
Kikubaaqudgha rasps: "You have failed me!
Welcome... death!"

Skill      XL: |  1  2  3 |
---------------+----------+-----
Staves         | 3 4 |  4.1
Fighting       | |  2.7
Throwing       | |  1.7
Dodging        | |  2.6
Necromancy     | |  0.6

Action                   |  1- 3 |  4- 6 || total
-------------------------+-------+-------++-------
Melee: Quarterstaff      |    99 |    19 ||   118
Throw: Throwing net      |     1 |     3 ||     4
  Use: Potion            |     3 |       ||     3
       Scroll            |       |     1 ||     1
 Stab: Sleeping          |     1 |     1 ||     2
       Held in net/web   |       |     1 ||     1
Armor: Leather armour    |    35 |     6 ||    41
Dodge: Dodged            |    52 |     8 ||    60

Levels and vault maps discovered:
D:1:      minmay_arrival_radiant_lines, layout_loops_corners, serial_glass,
          glass_columns_c, glass_columns_a,
          ebering_ecumenical_altar_sacrificial, minmay_heptomino_h4
D:2:      layout_basic, uniq_robin, uniq_jessica

Notes
Turn   | Place    | Note
-------+----------+-------------------------------------------
     0 | D:1      | spaghetti the Demonspawn Gladiator began the quest for the
                  | Orb.
     0 | D:1      | Reached XP level 1. HP: 16/16 MP: 1/1
     0 | D:1      | magus.rc [v1.9.6]
   109 | D:1      | Reached skill level 3 in Staves
   249 | D:1      | You pick up a book of Air and begin reading...
   249 | D:1      | You add the spells Shock, Swiftness and Airstrike to your
                  | library.
   261 | D:1      | Gained mutation: You are partially covered in rugged brown
                  | scales. (AC +1, +3% HP) [demonic ancestry]
   261 | D:1      | Reached XP level 2. HP: 16/22 MP: 2/2
   426 | D:1      | You add the spells Ignite Poison, Mephitic Cloud and
                  | Freezing Cloud to your library.
   469 | D:1      | HP: 3/22 [gnoll/+0 club (3)]
   470 | D:1      | HP: 1/22 [gnoll/+0 club (2)]
   844 | D:1      | Found a faded altar of an unknown god.
  1033 | D:1      | Prayed at the altar of an unknown god.
  1033 | D:1      | Became a worshipper of Kikubaaqudgha
  1033 | D:1      | Reached * piety under Kikubaaqudgha
  1033 | D:1      | You add the spells Animate Skeleton, Pain, Corpse Rot and
                  | Agony to your library.
  1033 | D:1      | Received a gift from Kikubaaqudgha
  1081 | D:1      | Reached XP level 3. HP: 23/27 MP: 3/3
  1480 | D:2      | Reached skill level 4 in Staves
  1517 | D:2      | Noticed Robin
  1551 | D:2      | Reached ** piety under Kikubaaqudgha
  1559 | D:2      | Killed Robin
  1560 | D:2      | HP: 6/28 [goblin/+2 dagger of speed[Robin] (3)]
  1853 | D:2      | Reached XP level 4. HP: 25/35 MP: 4/4
  2407 | D:2      | Noticed Jessica
  2431 | D:2      | HP: 5/32 [Jessica/nerve-wracking pain (13)]
  2432 | D:2      | Killed from afar by Jessica

Vanquished Creatures
  Robin (D:2)
  A gnoll (D:1)
  An adder (D:2)
  2 dart slugs (D:1)
  2 endoplasms
  3 giant cockroaches
  12 goblins
  5 hobgoblins
  A quokka (D:2)
  2 ball pythons
  A bat (D:2)
  3 frilled lizards (D:1)
  6 kobolds
  3 rats
43 creatures vanquished.

Table legend:
 A = Non-vault XP
 B = Vault XP
 C = Vault XP percentage of total XP
 D = Non-vault monster count
 E = Vault monster count
 F = Vault count percentage of total count
                 A         B        C        D         E       F
            +---------+---------+-------+---------+---------+-------
      Total |      76 |      36 |  32.1 |      30 |      13 |  30.2
            +---------+---------+-------+---------+---------+-------
        D:1 |      45 |       4 |   8.2 |      18 |       2 |  10.0
        D:2 |      31 |      32 |  50.8 |      12 |      11 |  47.8
            +---------+---------+-------+---------+---------+-------

Illustrated notes

Table legend:
 A = Kills in this place as a percentage of kills in entire the game.
 B = Kills by you in this place as a percentage of kills by you in the entire game.
 C = Kills by friends in this place as a percentage of kills by friends in the entire game.
 D = Other kills in this place as a percentage of other kills in the entire game.
 E = Experience gained in this place as a percentage of experience gained in the entire game.
 F = Experience gained in this place divided by the number of levels of this place that you have seen.
                   A       B       C       D       E      F
               +-------+-------+-------+-------+-------+----------------------
         Total | 100.0 | 100.0 |   N/A |   N/A | 100.0 |  56.0
       Dungeon | 100.0 | 100.0 |   N/A |   N/A | 100.0 |  56.0
               +-------+-------+-------+-------+-------+----------------------

Table legend: (Time is in decaauts)
 A = Elapsed time spent in this place.
 B = Non-inter-level travel time spent in this place.
 C = Inter-level travel time spent in this place.
 D = Time resting spent in this place.
 E = Time spent auto-exploring this place.
 F = Levels seen in this place.
 G = Mean time per level.
                   A        B        C        D        E       F      G
               +--------+--------+--------+--------+--------+-----+--------+
         Total |   2426 |   2368 |     58 |    700 |   1384 |   2 | 1213.0 |
       Dungeon |   2426 |   2368 |     58 |    700 |   1384 |   2 | 1213.0 |
               +--------+--------+--------+--------+--------+-----+--------+

Top non-repeatable levels by time:
     D:1: 1423 daAuts
     D:2: 1002 daAuts
